 Dungeon Crawl Stone Soup version 0.25.0-1-g7eea58d (webtiles) character file.

Game seed: 14233325039351598051

2667 lyrin the Slicer (level 9, -6/49 HPs)
             Began as a Tengu Necromancer on June 17, 2020.
             Was an Initiate of Hepliaklqana.
             Mangled by a seven-headed hydra (8 damage)
             ... on level 8 of the Dungeon.
             The game lasted 00:16:29 (11233 turns).

lyrin the Slicer (Tengu Necromancer)               Turns: 11233, Time: 00:16:29

Health: -6/49      AC:  6    Str: 11 (12) XL:     9   Next: 63%
Magic:  13/13      EV: 14    Int: 15      God:    Hepliaklqana [......]
Gold:   372        SH:  0    Dex: 15      Spells: 11/12 levels left

rFire    + . .     SeeInvis .   r - +4 dagger (speed)
rCold    . . .     Gourm    .   (no shield)
rNeg     . . .     Faith    .   e - +0 ring mail (curse)
rPois    .         Spirit   .   (helmet restricted)
rElec    .         Reflect  .   x - +0 cloak
rCorr    .         Harm     .   (no gloves)
MR       .....                  (boots unavailable)
Stlth    +.........             (no amulet)
HPRegen  0.16/turn              (no ring)
MPRegen  0.13/turn              (no ring)

@: about to teleport
A: reduced essence, beak, talons 3, deterioration 1, fire resistance 1, able to
fly
a: Fly, Recall Ancestor, Ancestor Identity, Renounce Religion


You were on level 8 of the Dungeon.
You worshipped Hepliaklqana.
Hepliaklqana was noncommittal.
You were near starving.

You visited 2 branches of the dungeon, and saw 9 of its levels.

You collected 372 gold pieces.

Inventory:

Hand Weapons
 r - a +4 dagger of speed (weapon)
 w - the +9 morningstar of Bigun {freeze, rPois rN+++ Int-3 Dex-4, unknown}
   (You found it on level 4 of the Dungeon)

   It has been specially enchanted to freeze those struck by it, causing extra
   injury to most foes and up to half again as much damage against particularly
   susceptible opponents.
   It can also slow down cold-blooded creatures.
   It affects your intelligence (-3).
   It affects your dexterity (-4).
   It protects you from poison.
   It renders you almost immune to negative energy.
 D - a +3 rapier
Armour
 d - a +0 leather armour
 e - a cursed +0 ring mail (worn)
 g - a scarf of invisibility
 x - a +0 cloak (worn)
Jewellery
 n - an uncursed ring of resist corrosion {unknown}
 A - an uncursed amulet of faith {unknown}
Wands
 q - a wand of clouds (11)
 s - a wand of polymorph (10)
Scrolls
 b - a scroll of torment {unknown}
 f - 2 scrolls of fear {unknown}
 h - 11 scrolls of identify
 i - 5 scrolls of immolation
 k - a scroll of silence {unknown}
 l - 2 scrolls of amnesia {unknown}
 m - 4 scrolls of teleportation
 p - a scroll of enchant armour {unknown}
 u - 4 scrolls of remove curse {unknown}
 y - a scroll of blinking
 z - a scroll of magic mapping {unknown}
Potions
 a - a potion of magic {unknown}
 j - a potion of haste {unknown}
 o - a potion of lignification
 t - 2 potions of cancellation {unknown}
 v - a potion of berserk rage {unknown}
 B - 5 potions of might
 C - 2 potions of stabbing {unknown}
 E - a potion of brilliance {unknown}
Comestibles
 c - 11 rations


   Skills:
 + Level 6.0 Fighting
 + Level 9.4 Short Blades
 + Level 6.4 Dodging
 - Level 2.0 Stealth
 - Level 2.4 Spellcasting
 - Level 4.3 Necromancy
 - Level 4.0 Evocations


You had 11 spell levels left.
You knew the following spells:

 Your Spells              Type           Power        Failure   Level  Hunger
a - Pain                  Necr           ##..         9%          1    #......

Your spell library contained the following spells:

 Spells                   Type           Power        Failure   Level  Hunger
 Animate Skeleton         Necr           N/A          9%          1    #......
 Vampiric Draining        Necr           ##........   26%         3    ###....
 Animate Dead             Necr           N/A          65%         4    #####..
 Agony                    Necr           ##......     94%         5    ######.


Dungeon Overview and Level Annotations

Branches:
Dungeon (8/15)             Temple (1/1) D:4
   Lair: D:8-11

Altars:
Cheibriados
Dithmenos
Elyvilon
Fedhas
Hepliaklqana
Kikubaaqudgha
Makhleb
Qazlal
Ru
Xom
Yredelemnul

Portals:
Abyss: D:5

Annotations:
D:5 2 transporters, bogs101's ghost, amateur DEWz
D:8 Prince Ribbit


Innate Abilities, Weirdness & Mutations

You have a beak for a mouth.
You have claws for feet.
You can fly continuously.
Your life essence is reduced to manifest your ancestor. (-10% HP)
Your body sometimes deteriorates upon taking damage.
Your flesh is heat resistant. (rF+)


Message History

As you read the scroll of teleportation, it crumbles to dust.
You feel strangely unstable.
Prince Ribbit catches a millipede with his tongue.
Prince Ribbit blinks!
The seven-headed hydra bites you. The seven-headed hydra bites you!
The seven-headed hydra barely misses you.
The seven-headed hydra bites you. The seven-headed hydra bites you! x2
* * * LOW HITPOINT WARNING * * *
The seven-headed hydra closely misses you.
Prince Ribbit hits you.
* * * LOW HITPOINT WARNING * * *
Your body deteriorates!
You feel weakened.
You hit Prince Ribbit.
Prince Ribbit is moderately wounded.
Prince Ribbit misses you.
Unknown command.
You closely miss Prince Ribbit. You claw Prince Ribbit.
Prince Ribbit is heavily wounded.
The seven-headed hydra bites you!
You die...

### ##...## #....# ##+##
####.# #.# #.# #.# #.#
##.## #.# ##...## #F#
#.....# #.#
########...###########.#
...............F@D.....#
########################


You could see a seven-headed hydra and Prince Ribbit.

Vanquished Creatures
  Maggie (D:7)
  A hippogriff (D:7)
  Duvessa (D:6)
  An ice beast (D:7)
  An eye of draining (D:7)
  A phantom (D:7)
  A centaur (D:6)
  An ogre (D:7)
  2 bullfrogs
  Dowan (D:6)
  2 scorpions
  5 killer bees (D:7)
  3 crimson imps
  A bullfrog zombie (D:6)
  4 hounds
  A bullfrog skeleton (D:4)
  A jelly (D:7)
  4 orc priests
  3 orc wizards
  3 iguanas
  3 worker ants
  8 adders
  A shadow imp (D:6)
  4 oozes
  An adder skeleton (D:7)
  An adder zombie (D:7)
  5 worms (D:2)
  2 dart slugs (D:1)
  5 leopard geckos
  25 orcs
  2 giant cockroaches
  7 goblins
  10 hobgoblins
  12 jackals
  6 kobolds
  7 quokkas
  4 ball pythons
  6 bats
  4 frilled lizards
  A leopard gecko zombie (D:6)
  A quokka skeleton (D:6)
  9 rats
162 creatures vanquished.

Vanquished Creatures (collateral kills)
  An ogre (D:6)
  A jelly (D:7)
  A centaur skeleton (D:7)
  2 orc wizards (D:7)
  A worker ant (D:6)
  An orc (D:7)
7 creatures vanquished.

Vanquished Creatures (others)
  5 ancestors
5 creatures vanquished.

Grand Total: 174 creatures vanquished

Notes
Turn   | Place    | Note
-------+----------+-------------------------------------------
     0 | D:1      | lyrin the Tengu Necromancer began the quest for the Orb.
     0 | D:1      | Reached XP level 1. HP: 10/10 MP: 4/4
   151 | D:1      | Reached XP level 2. HP: 15/15 MP: 6/6
   329 | D:1      | Reached XP level 3. HP: 20/20 MP: 7/7
   343 | D:1      | Reached skill level 1 in Short Blades
  1057 | D:2      | Reached skill level 1 in Evocations
  1274 | D:2      | Reached XP level 4. HP: 17/24 MP: 8/8
  1352 | D:1      | Reached skill level 2 in Short Blades
  1768 | D:2      | Reached skill level 1 in Fighting
  2733 | D:2      | Gained mutation: You can fly continuously. [Tengu growth]
  2733 | D:2      | Reached XP level 5. HP: 24/29 MP: 9/9
  3160 | D:2      | Reached skill level 3 in Short Blades
  4355 | D:3      | Found a stormy altar of Qazlal.
  4978 | D:3      | Reached XP level 6. HP: 26/35 MP: 10/10
  5246 | D:4      | Found a shimmering altar of Xom.
  5296 | D:4      | Reached skill level 4 in Short Blades
  5329 | D:4      | HP: 1/35 [poisoned by a worker ant]
  5749 | D:4      | Found a staircase to the Ecumenical Temple.
  5772 | Temple   | Entered the Ecumenical Temple
  5879 | Temple   | Became a worshipper of Hepliaklqana the Forgotten
  5949 | D:4      | Got a buzzing morningstar
  6352 | D:5      | Entered Level 5 of the Dungeon
  6748 | D:5      | Found a sacrificial altar of Ru.
  6812 | D:5      | Noticed bogs101's ghost (amateur DEWz)
  6818 | D:5      | Found a transporter.
  6832 | D:5      | Found a one-way gate to the infinite horrors of the Abyss.
  7080 | D:5      | Found a transporter.
  7262 | D:5      | Found a blossoming altar of Fedhas.
  7266 | D:5      | Found a burning altar of Makhleb.
  7271 | D:5      | Found a white marble altar of Elyvilon.
  7346 | D:6      | Reached XP level 7. HP: 36/36 MP: 11/11
  7391 | D:6      | Reached skill level 5 in Short Blades
  7926 | D:6      | Reached * piety under Hepliaklqana
  7959 | D:6      | Noticed Dowan
  7960 | D:6      | Noticed Duvessa
  8409 | D:6      | Killed Duvessa
  8409 | D:6      | Reached skill level 6 in Short Blades
  8409 | D:6      | Reached XP level 8. HP: 31/41 MP: 12/12
  8420 | D:6      | Reached skill level 5 in Dodging
  8689 | D:6      | Killed Dowan
  9115 | D:7      | Reached skill level 7 in Short Blades
  9165 | D:7      | Noticed a hippogriff
  9251 | D:7      | Killed a hippogriff
  9582 | D:7      | Reached skill level 8 in Short Blades
  9582 | D:7      | Reached XP level 9. HP: 43/46 MP: 13/13
  9759 | D:7      | Noticed Maggie
  9763 | D:7      | Reached skill level 5 in Fighting
  9792 | D:7      | Killed Maggie
  9806 | D:7      | Gained mutation: Your body sometimes deteriorates upon
                  | taking damage. [potion of mutation]
  9806 | D:7      | Gained mutation: Your flesh is heat resistant. (rF+)
                  | [potion of mutation]
 10076 | D:7      | Reached skill level 9 in Short Blades
 10599 | D:7      | Noticed a brown ugly thing
 10878 | D:7      | Noticed a troll
 11180 | D:8      | Noticed Prince Ribbit
 11180 | D:8      | Noticed a seven-headed hydra
 11231 | D:8      | HP: 2/49 [Prince Ribbit (6)]
 11233 | D:8      | Mangled by a seven-headed hydra

Illustrated notes

Levels and vault maps discovered:
D:1:      dpeg_arrival_boxorama, layout_basic
D:2:      layout_basic, first_ration
D:3:      layout_basic, grunt_qazlal_sundering
D:4:      layout_loops_ring, nicolae_overflow_hidden_temple,
          minmay_temple_entry_grid, kennysheep_generic_room_12
D:5:      layout_basic, nicolae_ru_the_path_less_chosen,
          minmay_overflow_temple_star_quad, gammafunk_ghost_abyssal_escape,
          sigmund_army
D:6:      layout_rooms, uniq_duvessa
D:7:      minmay_blocky_corners, layout_basic, uniq_maggie
D:8:      layout_loops_corners, okawaru_altar_gauntlet_db, enter_bailey_2,
          uniq_prince_ribbit1
Temple:   regret_index_temple_generic_petals

Skill      XL: |  1  2  3  4  5  6  7  8  9 |
---------------+----------------------------+-----
Short Blades   | 1 2 3 4 6 8 9 |  9.4
Evocations     | 1 2 3 4 |  4.0
Dodging        | 3 4 5 6 |  6.4
Fighting       | 1 2 3 4 6 |  6.0
Stealth        | |  2.0
Spellcasting   | |  2.4
Necromancy     | |  4.3

Action                   |  1- 3 |  4- 6 |  7- 9 || total
-------------------------+-------+-------+-------++-------
Melee: Short sword       |    81 |   174 |       ||   255
       Kick              |    24 |    60 |    81 ||   165
       Peck              |     7 |    34 |    66 ||   107
       Dagger            |       |   133 |   315 ||   448
Evoke: Wand              |       |       |     1 ||     1
  Use: Potion            |       |       |     6 ||     6
       Scroll            |       |       |     3 ||     3
 Stab: Sleeping          |     1 |     1 |     1 ||     3
  Eat: Chunk             |     1 |    19 |     7 ||    27
       Ration            |       |       |     1 ||     1
Armor: Leather armour    |     5 |       |       ||     5
       Ring mail         |    21 |    85 |    49 ||   155
       Skin              |       |       |    20 ||    20
Dodge: Dodged            |    40 |   174 |   104 ||   318
